 Dungeon Crawl Stone Soup version 0.25.1-2-g60ff931df9 (webtiles) character file.

Game seed: 12473951096415444893

3565 Chiseanne the Destroyer (level 9, 0/76 HPs)
             Began as a Demonspawn Wizard on Oct 8, 2020.
             Was a Priest of Vehumet.
             Succumbed to Erica's bolt of poison
             ... on level 9 of the Dungeon.
             The game lasted 00:21:26 (10760 turns).

Chiseanne the Destroyer (Demonspawn Wizard)        Turns: 10760, Time: 00:21:27

Health: 0/76       AC: 24    Str:  8    XL:     9   Next: 84%
Magic:  4/22       EV:  2    Int: 33    God:    Vehumet [***...]
Gold:   246        SH:  5    Dex: 12    Spells: 21/27 levels left

rFire    + . .     SeeInvis .   s - +8 broad axe of Qowkaba {freeze, rF+ Int+5}
rCold    . . .     Gourm    .   (no shield)
rNeg     + + +     Faith    .   (armour currently unavailable)
rPois    +         Spirit   +   (helmet currently unavailable)
rElec    .         Reflect  +   (cloak currently unavailable)
rCorr    .         Harm     .   (gloves currently unavailable)
MR       .....     NoTele   +   (boots currently unavailable)
Stlth    ++........             u - amulet of reflection
HPRegen  0.22/turn              c - +6 ring of intelligence
MPRegen  0.18/turn              q - ring of poison resistance

@: lethally poisoned (0 -> -4), tree-form
A: frail 1, magic shield
a: Renounce Religion


You were on level 9 of the Dungeon.
You worshipped Vehumet.
Vehumet was most pleased with you.
You were very hungry.
You were a tree.
You visited 1 branch of the dungeon, and saw 9 of its levels.

You collected 471 gold pieces.
You spent 225 gold pieces at shops.

Inventory:

Hand Weapons
 a - a +6 mace of protection
 s - the +8 broad axe of Qowkaba (weapon) {freeze, rF+ Int+5}
   (You bought it in a shop on level 5 of the Dungeon)

   It has been specially enchanted to freeze those struck by it, causing extra
   injury to most foes and up to half again as much damage against particularly
   susceptible opponents.
   It can also slow down cold-blooded creatures.
   It affects your intelligence (+5).
   It protects you from fire.
 w - a +2 vorpal hunting sling
 y - a +5 morningstar
Missiles
 e - 117 arrows
 f - 2 atropa-tipped darts
 i - 15 bolts
 o - 27 poisoned darts (quivered)
 x - 34 sling bullets
Armour
 b - a +0 hat (melded)
 k - a +0 pair of gloves (melded)
 r - a +0 robe of positive energy (melded)
Magical Staves
 A - an uncursed staff of cold {unknown}
Jewellery
 c - a +6 ring of intelligence (left branch)
 q - a ring of poison resistance (right branch)
 u - an amulet of reflection (around neck)
Wands
 v - a wand of enslavement (8)
Scrolls
 h - 6 scrolls of remove curse
 j - a scroll of fear
 n - 3 scrolls of amnesia
 t - 3 scrolls of teleportation
Potions
 g - a potion of stabbing
 m - 2 potions of flight
 z - a potion of lignification
Comestibles
 d - 16 rations


   Skills:
 - Level 1.7 Dodging
 - Level 1.7 Stealth
 * Level 9.7 Spellcasting
 * Level 10.0 Conjurations
   Level 1.0 Summonings
 - Level 0.8 Translocations


You had 21 spell levels left.
You knew the following spells:

 Your Spells              Type           Power        Failure   Level  Hunger
a - Magic Dart            Conj           ####         1%          1    None
b - Blink                 Tloc           N/A          3%          2    None
d - Mephitic Cloud        Conj/Pois/Air  #####...     1%          3    None

Your spell library contained the following spells:

 Spells                   Type           Power        Failure   Level  Hunger
 Inner Flame              Hex/Fire       ###.....     2%          3    None
 Apportation              Tloc           ###...       1%          1    None
 Summon Small Mammal      Summ           ###.         1%          1    None
 Conjure Flame            Conj/Fire      #####...     1%          3    None
 Animate Skeleton         Necr           N/A          3%          1    None
 Corona                   Hex            ###....      3%          1    None
 Call Imp                 Summ           ###.....     3%          2    None
 Slow                     Hex            ###.....     4%          2    None
 Portal Projectile        Hex/Tloc       ###...       8%          3    None
 Cause Fear               Hex            ###.......   28%         4    None
 Leda's Liquefaction      Hex/Erth       ###.......   28%         4    None


Dungeon Overview and Level Annotations

Branches:
Dungeon (9/15)             Temple (0/1) D:7
   Lair: D:8-11         Orc: D:9-12

Altars:
Ashenzari
Cheibriados
Elyvilon
Hepliaklqana
Nemelex Xobeh
Qazlal
Uskayaw
Vehumet
Xom
Yredelemnul
The Shining One

Shops:
D:5 (

Annotations:
D:1 Terence
D:8 3 runed translucent doors, nyroko's ghost, novice DECj
D:9 Erica


Innate Abilities, Weirdness & Mutations

((You have very sharp fingernails.))
((You are partially covered in thin metallic scales. (AC +2)))
When hurt, damage is shared between your health and your magic reserves.
((You have hoof-like feet.))
((Your flesh is heat resistant. (rF+)))
You are frail. (-10% HP)


Message History

You feel sick.
* * * LOW HITPOINT WARNING * * *
You feel sick.
Really quaff the potion of lignification?
You turn into a tree.
Your +0 hat melds into your body.
Your +0 pair of gloves melds into your body.
Your +0 robe of positive energy melds into your body.
You feel less protected from negative energy.
Your roots penetrate the ground.
* * * LOW HITPOINT WARNING * * *
You feel sick.
* * * LOW HITPOINT WARNING * * *
You feel sick.
* * * LOW HITPOINT WARNING * * *
You feel sick.
* * * LOW HITPOINT WARNING * * *
You feel sick.
* * * LOW HITPOINT WARNING * * *
You feel sick.
You die...

#########
#.......#
#.#####<# #.#
#.# #♣# #.#
####.#.#####.#
..............#
#####.#######...
#. ... # ##.


There were no monsters in sight!

Vanquished Creatures
  Joseph (D:8)
  Maggie (D:8)
  A hippogriff (D:7)
  Prince Ribbit (D:8)
  Edmund (D:5)
  An ice beast (D:8)
  A sky beast (D:6)
  A black bear (D:8)
  2 phantoms
  An orc warrior (D:8)
  A necrophage (D:7)
  A centaur (D:8)
  3 ogres
  A bullfrog (D:6)
  3 scorpions
  3 wights (D:8)
  3 killer bees (D:8)
  2 howler monkeys (D:4)
  4 crimson imps
  2 bullfrog zombies
  2 quasits (D:8)
  3 hounds
  An orc priest (D:8)
  2 bullfrog skeletons
  3 orc wizards
  5 worker ants
  A hound zombie (D:8)
  A hound skeleton (D:4)
  A mummy (D:7)
  A worker ant zombie (D:8)
  15 adders
  5 gnolls
  3 shadow imps
  2 oozes
  An adder skeleton (D:5)
  A worm (D:4)
  2 dart slugs
  3 leopard geckos
  23 orcs
  3 giant cockroaches
  9 goblins
  11 hobgoblins
  16 jackals
  5 kobolds (D:1)
  3 quokkas
  A ball python (D:1)
  4 bats
  A frilled lizard (D:2)
  3 hobgoblin zombies (D:7)
  A leopard gecko zombie (D:8)
  An orc zombie (D:7)
  A quokka skeleton (D:5)
  6 rats
174 creatures vanquished.

Notes
Turn   | Place    | Note
-------+----------+-------------------------------------------
     0 | D:1      | Chiseanne the Demonspawn Wizard began the quest for the
                  | Orb.
     0 | D:1      | Reached XP level 1. HP: 13/13 MP: 4/4
   570 | D:1      | Gained mutation: When hurt, damage is shared between your
                  | health and your magic reserves. [demonic ancestry]
   570 | D:1      | Reached XP level 2. HP: 19/19 MP: 1/6
   852 | D:1      | Learned a level 2 spell: Blink
   881 | D:1      | Reached skill level 2 in Conjurations
  1405 | D:2      | Gained mutation: You are partially covered in thin metallic
                  | scales. (AC +2) [demonic ancestry]
  1405 | D:2      | Reached XP level 3. HP: 24/24 MP: 6/8
  1857 | D:2      | Found a white marble altar of Elyvilon.
  1878 | D:2      | Found a sparkling altar of Nemelex Xobeh.
  1878 | D:2      | Found a hazy altar of Hepliaklqana.
  1881 | D:2      | Found a snail-covered altar of Cheibriados.
  1943 | D:2      | Reached XP level 4. HP: 30/30 MP: 3/9
  2075 | D:2      | Noticed Terence
  2086 | D:2      | Found a glowing golden altar of the Shining One.
  2334 | D:2      | Learned a level 3 spell: Mephitic Cloud
  2567 | D:3      | Reached skill level 3 in Conjurations
  2828 | D:3      | Found a radiant altar of Vehumet.
  2848 | D:3      | Became a worshipper of Vehumet
  3192 | D:3      | Gained mutation: You have sharp fingernails. [demonic
                  | ancestry]
  3192 | D:3      | Reached XP level 5. HP: 35/35 MP: 6/11
  3402 | D:3      | Found a faded altar of an unknown god.
  3788 | D:4      | Noticed an ogre
  3807 | D:4      | Killed an ogre
  3807 | D:4      | Reached skill level 4 in Conjurations
  3946 | D:4      | Reached * piety under Vehumet
  3946 | D:4      | Offered knowledge of Freeze by Vehumet.
  3946 | D:4      | Reached skill level 5 in Spellcasting
  3946 | D:4      | Reached XP level 6. HP: 38/41 MP: 5/13
  4487 | D:4      | Found a shimmering altar of Xom.
  4488 | D:4      | Found a shimmering altar of Xom.
  4728 | D:5      | Entered Level 5 of the Dungeon
  4769 | D:4      | HP: 1/41 [worker ant (4)]
  4965 | D:4      | Reached skill level 5 in Conjurations
  5228 | D:3      | Gained mutation: You have very sharp fingernails. [demonic
                  | ancestry]
  5228 | D:3      | Reached XP level 7. HP: 37/46 MP: 5/15
  5488 | D:5      | Noticed Edmund
  6412 | D:5      | Killed Edmund
  6412 | D:5      | Reached skill level 6 in Conjurations
  6602 | D:5      | Found Foma's Antique Weapon Emporium.
  6610 | D:5      | Bought a crude broad axe for 225 gold pieces
  6614 | D:5      | Identified the +8 broad axe of Qowkaba {freeze, rF+ Int+5}
                  | (You bought it in a shop on level 5 of the Dungeon)
  6914 | D:6      | Found a stormy altar of Qazlal.
  6930 | D:6      | Reached XP level 8. HP: 39/52 MP: 7/18
  7325 | D:6      | Reached skill level 7 in Conjurations
  7632 | D:6      | Offered knowledge of Shock by Vehumet.
  7974 | D:7      | Found a hide-covered altar of Uskayaw.
  7977 | D:7      | Noticed a +0 hand axe
  8201 | D:7      | Reached ** piety under Vehumet
  8355 | D:7      | Noticed a hippogriff
  8359 | D:7      | Killed a hippogriff
  8359 | D:7      | Reached skill level 8 in Conjurations
  8427 | D:7      | Noticed a +0 hand axe
  8604 | D:7      | Found a staircase to the Ecumenical Temple.
  8653 | D:7      | Found a basalt altar of Yredelemnul.
  8960 | D:8      | Reached XP level 9. HP: 57/57 MP: 15/21
  9083 | D:8      | Found a runed translucent gate.
  9084 | D:8      | Found a runed translucent gate.
  9091 | D:8      | Found a runed translucent gate.
  9094 | D:8      | Noticed nyroko's ghost (novice DECj)
  9153 | D:8      | Noticed Prince Ribbit
  9167 | D:8      | Killed Prince Ribbit
  9175 | D:8      | Offered knowledge of Inner Flame by Vehumet.
  9395 | D:8      | Reached skill level 9 in Conjurations
  9839 | D:8      | Reached *** piety under Vehumet
  9887 | D:8      | Found a shattered altar of Ashenzari.
  9906 | D:8      | Noticed Joseph
 10160 | D:8      | Killed Joseph
 10341 | D:8      | Noticed Maggie
 10368 | D:8      | Killed Maggie
 10368 | D:8      | Reached skill level 10 in Conjurations
 10737 | D:9      | Noticed Erica
 10750 | D:9      | Gained mutation: You are frail. (-10% HP) [potion of
                  | mutation]
 10750 | D:9      | Gained mutation: You have large cloven feet. [potion of
                  | mutation]
 10750 | D:9      | Gained mutation: You have hoof-like feet. [potion of
                  | mutation]
 10750 | D:9      | Gained mutation: Your flesh is heat resistant. (rF+)
                  | [potion of mutation]
 10755 | D:9      | HP: 3/76 [poisoned by Erica (bolt of poison)]
 10757 | D:9      | HP: 1/76 [poisoned by Erica (bolt of poison)]
 10760 | D:9      | Succumbed to Erica's bolt of poison

Illustrated notes

Levels and vault maps discovered:
D:1:      wander_arrival_fairy_ring, layout_basic
D:2:      layout_rooms, tso_metal_star, grunt_temple_overflow_open, uniq_terence
D:3:      layout_basic, vehumet_crystals, chequers_ecumenical_altar_simple,
          first_ration, kennysheep_another_room
D:4:      layout_basic, xom_redecorated, minmay_misc_feat_doors,
          minmay_fractal_squares_diagonal_5
D:5:      cheibrodos_quashed, layout_loops_ring, serial_shops,
          nicolae_shop_overgrown_old_shop, portal_sewer_entry_d, st_stairs_6,
          uniq_edmund
D:6:      layout_loops_corners, overflow_temple_1_default
D:7:      layout_cave_pools, nicolae_overflow_hidden_temple, old_standard_altar,
          dancing_weapons_uskayaw, minmay_temple_entry_glassed_door,
          minmay_mini_ossuary
D:8:      layout_loops_ring, cheibrodos_ashenzari_chains,
          gammafunk_ghost_spectres, enter_bailey_8, uniq_joseph, uniq_maggie,
          uniq_prince_ribbit1
D:9:      layout_basic, lemuel_mausoleum_altar_kikubaaqudgha,
          kennysheep_little_box, trog_eyes_of_draining, lemuel_crystal_altar,
          nemelex_lonely_heart_becter, uniq_erica, uniq_maurice

Skill      XL: |  1  2  3  4  5  6  7  8  9 |
---------------+----------------------------+-----
Conjurations   | 2 3 4 5 6 8 10 | 10.0
Spellcasting   | 4 5 6 8 9 |  9.7
Dodging        | |  1.7
Stealth        | |  1.7
Summonings     | |  1.0
Translocations | |  0.8

Action                   |  1- 3 |  4- 6 |  7- 9 || total
-------------------------+-------+-------+-------++-------
Melee: Club              |     4 |       |       ||     4
       Unarmed           |     2 |       |       ||     2
       Mace              |     9 |    23 |    30 ||    62
       Broad axe         |       |       |    74 ||    74
Throw: Stone             |       |       |     3 ||     3
       Dart              |       |       |    21 ||    21
 Cast: Magic Dart        |    82 |   172 |   284 ||   538
       Blink             |     1 |     5 |     2 ||     8
       Mephitic Cloud    |       |     7 |    27 ||    34
  Use: Scroll            |     5 |     9 |     7 ||    21
       Potion            |       |     4 |     3 ||     7
 Stab: Confused          |       |     2 |     8 ||    10
  Eat: Chunk             |     3 |    10 |    16 ||    29
Armor: Robe              |     5 |    15 |    42 ||    62
Dodge: Dodged            |    19 |    57 |   118 ||   194
Block: Other             |       |       |    30 ||    30
